Map: Blackburn LE

Players

Serral

  • Race: Zerg Zerg

DPGrogue (Rogue) - Winner!

  • Race: Zerg Zerg

Event: TSL 8

VOD

Have the link to the VOD?

Description

Time

  • Played on: Dec. 12, 2021, 10:58 a.m.
  • Length: 5:15

All games in this series

Show
View Real Time Build Order
Export as new Build Order

Serral Zerg 

Build Orders: Hatch First 

Get SALT Encoding   

  12  0:00  Drone  
  13  0:11  Overlord  
  13  0:17  Drone  
  14  0:30  Drone x2  
  16  0:48  Hatchery  
  15  0:51  Drone  
  15  0:54  Drone  
  17  0:57  Drone  
  18  1:08  Extractor  
  17  1:13  Spawning Pool  
  17  1:16  Drone  
  17  1:20  Drone  
  18  1:27  Drone  
  19  1:38  Drone  
  20  1:55  Drone  
  20  2:00  Queen x2  
  20  2:01  Zergling x2, Overlord  
  26  2:10  Drone x2  
  28  2:22  Drone x2  
  30  2:31  Drone  
  30  2:32  Drone  
  30  2:35  Queen x2  
  36  2:43  Overlord  
  36  2:44  Evolution Chamber  
  36  2:48  Zergling x2  
  36  2:54  Metabolic Boost  
  35  3:07  Zergling x6  
  33  3:14  Zergling x2  
  25  3:22  Zergling x2  
Show
View Real Time Build Order
Export as new Build Order

DPGrogue Zerg - Winner!

Build Orders: Pool First 

Get SALT Encoding   

  12  0:01  Drone  
  13  0:08  Drone  
  14  0:16  Extractor  
  13  0:28  Spawning Pool  
  12  1:01  Hatchery  
  11  1:16  Metabolic Boost  
  11  1:26  Queen  
  13  1:36  Overlord  
  13  1:41  Zergling x2  
  15  1:54  Zergling x4  
  15  1:58  Zergling x2  
  17  2:09  Zergling x2  
  17  2:13  Zergling x2  
  19  2:20  Zergling x2  
  20  2:24  Zergling x2  
  21  2:33  Zergling x2  
  21  2:34  Zergling x4  
  21  2:36  Zergling x2  
  25  2:39  Zergling x2  
  25  2:43  Zergling x2  
  27  2:50  Zergling x2  
  28  2:55  Overlord  
  28  3:04  Zergling x2  
  28  3:09  Zergling x4  
  28  3:14  Zergling x2  
  28  3:15  Zergling x2  
  28  3:19  Zergling x2  
  26  3:22  Zergling x2  
Tags
 
Add a new tag
Caveats
  • Supply blocks, unpowered buildings, or Contaminate may cause inaccurate times.
  • Supply counts are checked every 10 seconds.